 Dungeon Crawl Stone Soup version 0.29.1-13-g9f3cf754e1 (webtiles) character file.

Game seed: 15621920624878342302

627690 112233 the Archmage (level 26, -1/133 HPs)
             Began as a Felid Summoner on Feb 10, 2023.
             Was an Initiate of Gozag.
             Slain by a reaper
             ... wielding a +7 vorpal scythe
             ... called by a doom hound
              (8 damage)
             ... on level 7 of Tartarus.
             The game lasted 03:49:56 (130521 turns).

112233 the Archmage (Felid Summoner)              Turns: 130521, Time: 03:49:56

Health: -1/133     AC:  9    Str:  6    XL:     26   Next: 12%
Magic:  5/55       EV: 34    Int: 44    God:    Gozag
Gold:   421        SH:  5    Dex: 14    Spells: 6/79 levels left
                                        Lives:  0   Deaths: 6

rFire   . . .      SeeInvis +     - Unarmed
rCold   + + .      Faith    .   (shield unavailable)
rNeg    + + +      Spirit   .   (body armour unavailable)
rPois   ∞          Reflect  +   (helmet unavailable)
rElec   +          Harm     .   (cloak unavailable)
rCorr   .          Rampage  .   (gloves unavailable)
Will    ++...                   (boots unavailable)
Stlth   ++........              O - amulet "Owuihain" {Reflect rElec rN+ Regen+ SH+5 Stlth-}
HPRegen 1.12/turn               F - ring "Soyc" {Wiz Int+4}
MPRegen 0.34/turn               D - ring "Wingous" {Str+3 Int+6}

@: lich-form, forested, calling dragons, gold aura, doom-hounded, studying
Necromancy, weak-willed, quick
A: draining attack, torment immunity, no potions, very small, claws 1, fangs 3,
see invisible, speed 1, shaggy fur 3, stealthy paws, no weapons or thrown items,
no armour, multi-lived, clever 1, clumsy 1, deterioration 2, electricity
resistance
}: 5/15 runes: serpentine, barnacled, slimy, silver, abyssal
a: End Transformation, Renounce Religion, Potion Petition, Call Merchant, Bribe
Branch


You were on level 7 of Tartarus.
You worshipped Gozag.
Gozag was aware of your devotion.
You were an undead lich.
You visited 14 branches of the dungeon, and saw 64 of its levels.
You visited the Abyss 3 times.
You also visited: Gauntlet and Desolation.

You collected 35999 gold pieces.
You spent 7284 gold pieces at shops.
You paid 28294 gold pieces to Gozag.

Inventory:

Jewellery
 i - an amulet of magic regeneration
 D - the ring "Wingous" (right paw) {Str+3 Int+6}
   (You found it in the Desolation of Salt)

   [ring of intelligence]

   Str:       It affects your strength (+3).
   Int:       It affects your intelligence (+6).
 F - the ring "Soyc" (left paw) {Wiz Int+4}
   (You took it off a servant of whispers in the Desolation of Salt)

   [ring of wizardry]

   It improves your spell success rate.
   Int:       It affects your intelligence (+4).
 H - the ring "Anydghuh" {rPois rC++ Dex+6}
   (You found it in the Desolation of Salt)

   [ring of dexterity]

   Dex:       It affects your dexterity (+6).
   rC:        It greatly protects you from cold.
   rPois:     It protects you from poison.
 K - the ring of Quphi {+Blink rN++ Str+6 Int-5 Stlth+}
   (You took it off a deep elf annihilator on level 3 of the Elven Halls)

   [ring of strength]

   Str:       It affects your strength (+6).
   Int:       It affects your intelligence (-5).
   rN:        It greatly protects you from negative energy.
   +Blink:    It lets you blink.
   Stlth:     It makes you more stealthy.
 L - the ring of Meacw {EV+4 Int+2}
   (You found it on level 5 of the Pits of Slime)

   [ring of evasion]

   EV:        It affects your evasion (+4).
   Int:       It affects your intelligence (+2).
 N - a +4 ring of slaying
 O - the amulet "Owuihain" (around neck) {Reflect rElec rN+ Regen+ SH+5 Stlth-}
   (You found it on level 5 of the Vaults)

   [amulet of reflection]

   It reflects blocked missile attacks.
   rElec:     It insulates you from electricity.
   rN:        It protects you from negative energy.
   Regen:     It increases your rate of health regeneration.
   SH:        It affects your SH (+5).
   Stlth:     It makes you less stealthy.
 R - the ring of Vuob {rC+ EV+4 Dex+2}
   (You took it off a merfolk on level 4 of the Shoals)

   [ring of evasion]

   EV:        It affects your evasion (+4).
   Dex:       It affects your dexterity (+2).
   rC:        It protects you from cold.
 T - the ring of Feemp {rElec rPois rN+ Dex+6}
   (You found it in the Desolation of Salt)

   [ring of dexterity]

   Dex:       It affects your dexterity (+6).
   rElec:     It insulates you from electricity.
   rPois:     It protects you from poison.
   rN:        It protects you from negative energy.
 U - a +4 ring of protection
 X - a +7 ring of evasion
Wands
 a - a wand of iceblast (46)
 p - a wand of flame (40)
 u - a wand of charming (67)
 v - a wand of mindburst (71)
 C - a wand of acid (30)
 G - a wand of digging (5)
Scrolls
 b - 16 scrolls of magic mapping
 f - 34 scrolls of identify
 g - 5 scrolls of silence
 l - 15 scrolls of teleportation
 r - 9 scrolls of torment
 x - 10 scrolls of fog
 y - 8 scrolls of blinking
 z - 10 scrolls of poison
 E - 8 scrolls of vulnerability
 P - 6 scrolls of amnesia
 V - 5 scrolls of immolation
 W - 10 scrolls of fear
Potions
 c - 9 potions of might
 d - 16 potions of curing
 e - 7 potions of attraction
 h - 2 potions of ambrosia
 j - a potion of cancellation
 m - 13 potions of brilliance
 n - a potion of heal wounds
 q - 13 potions of haste
 s - 2 potions of resistance
 w - 8 potions of mutation
 B - 5 potions of invisibility
 M - 7 potions of flight
 Y - 6 potions of berserk rage
 Z - 5 potions of magic
Miscellaneous
 k - a phantom mirror (inert)
 o - the horn of Geryon
 t - a tin of tremorstones (2/2)
 A - a condenser vane
 I - a phial of floods
 J - a box of beasts
 S - a lightning rod (4/4)


   Skills:
 + Level 21.3 Fighting
 O Level 27 Dodging
 - Level 6.9 Stealth
 - Level 12.1 Unarmed Combat
 O Level 27 Spellcasting
 - Level 22.7 Summonings
 * Level 12.4 Necromancy
 - Level 8.0 Translocations
 - Level 15.3 Transmutations
 - Level 12.0 Air Magic
 - Level 5.3 Earth Magic
 - Level 9.0 Evocations


You had 6 spell levels left.
You knew the following spells:

 Your Spells              Type           Power      Damage    Failure   Level
a - Statue Form           Tmut/Erth      66%        N/A       1%          6
b - Summon Horrible Thin  Summ           65%        N/A       1%          8
c - Dragon's Call         Summ           65%        N/A       1%          9
d - Necromutation         Tmut/Necr      67%        N/A       2%          8
e - Manifold Assault      Tloc           92%        N/A       1%          5
f - Apportation           Tloc           100%       N/A       0%          1
g - Blink                 Tloc           100%       N/A       0%          2
h - Passwall              Tmut/Erth      83%        N/A       0%          2
i - Storm Form            Tmut/Air       55%        N/A       1%          7
j - Summon Forest         Summ/Tloc      57%        N/A       0%          5
k - Wereblood             Tmut           100%       N/A       0%          2
l - Monstrous Menagerie   Summ           65%        N/A       0%          7
m - Summon Lightning Spi  Summ/Air       100%       N/A       0%          4
n - Summon Hydra          Summ           65%        N/A       0%          7

Your spell library contained the following spells:

 Spells                   Type           Power      Damage    Failure   Level
 Beastly Appendage        Tmut           100%       N/A       0%          1
 Necrotise                Necr           100%       1d9       0%          1
 Shock                    Conj/Air       100%       1d9       0%          1
 Sting                    Tmut/Pois      100%       1d8       0%          1
 Summon Small Mammal      Summ           100%       N/A       0%          1
 Call Imp                 Summ           100%       N/A       0%          2
 Sublimation of Blood     Necr           100%       N/A       0%          2
 Call Canine Familiar     Summ           100%       N/A       0%          3
 Summon Guardian Golem    Hex/Summ       100%       N/A       0%          3
 Swiftness                Air            100%       N/A       0%          3
 Vampiric Draining        Necr           100%       2d13      0%          3
 Dispel Undead            Necr           100%       3d31      0%          4
 Summon Ice Beast         Ice/Summ       100%       N/A       0%          4
 Blade Hands              Tmut           57%        N/A       0%          5
 Summon Cactus Giant      Summ           65%        N/A       0%          6
 Freeze                   Ice            100%       1d11      1%          1
 Magic Dart               Conj           100%       1d8       1%          1
 Sandblast                Erth           100%       2d20      1%          1
 Ensorcelled Hibernation  Hex/Ice        100%       N/A       1%          2
 Poisonous Vapours        Pois/Air       100%       N/A       1%          2
 Scorch                   Fire           100%       2d10      1%          2
 Static Discharge         Conj/Air       85%        3-14/arc  1%          2
 Dazzling Flash           Conj/Hex       100%       N/A       1%          3
 Frozen Ramparts          Ice            100%       1d16      1%          3
 Gell's Gravitas          Tloc           92%        N/A       1%          3
 Ignite Poison            Fire/Tmut/Pois 81%        N/A       1%          3
 Inner Flame              Hex/Fire       56%        N/A       1%          3
 Lesser Beckoning         Tloc           92%        N/A       1%          3
 Mephitic Cloud           Conj/Pois/Air  76%        N/A       1%          3
 Ozocubu's Armour         Ice            56%        N/A       1%          3
 Spider Form              Tmut/Pois      91%        N/A       1%          3
 Stone Arrow              Conj/Erth      100%       3d13      1%          3
 Teleport Other           Tloc           92%        N/A       1%          3
 Tukima's Dance           Hex            56%        N/A       1%          3
 Anguish                  Hex/Necr       53%        N/A       1%          4
 Cause Fear               Hex            28%        N/A       1%          4
 Fulminant Prism          Conj/Hex       28%        3d14      1%          4
 Hailstorm                Conj/Ice       56%        3d12      1%          4
 Ice Form                 Ice/Tmut       91%        N/A       1%          4
 Iskenderun's Mystic Bla  Conj/Tloc      76%        2d15      1%          4
 Leda's Liquefaction      Hex/Erth       35%        N/A       1%          4
 Olgreb's Toxic Radiance  Pois           56%        N/A       1%          4
 Passage of Golubria      Tloc           92%        N/A       1%          4
 Petrify                  Tmut/Erth      100%       N/A       1%          4
 Sticky Flame             Conj/Fire      56%        2d7       1%          4
 Agony                    Necr           100%       N/A       1%          5
 Alistair's Intoxication  Tmut/Pois      60%        N/A       1%          5
 Freezing Cloud           Conj/Ice/Air   38%        6-21      1%          5
 Irradiate                Conj/Tmut      45%        3d26      1%          5
 Lee's Rapid Deconstruct  Erth           41%        3d21*     1%          5
 Lightning Bolt           Conj/Air       42%        1d62      1%          5
 Summon Mana Viper        Hex/Summ       100%       N/A       1%          5
 Yara's Violent Unravell  Hex/Tmut       45%        3d18      1%          5
 Conjure Ball Lightning   Conj/Air       42%        3x3d15    1%          6
 Death Channel            Necr           64%        N/A       1%          6
 Dispersal                Tloc           46%        N/A       1%          6
 Eringya's Noxious Bog    Tmut/Pois      45%        N/A       1%          6
 Metabolic Englaciation   Hex/Ice        28%        N/A       2%          5
 Iron Shot                Conj/Erth      35%        9d7       4%          6
 Starburst                Conj/Fire      28%        6d9       14%         6
 Dragon Form              Tmut           57%        N/A       1%          7
 Haunt                    Necr/Summ      72%        N/A       1%          7
 Spellforged Servitor     Conj/Summ      51%        N/A       1%          7
 Infestation              Necr           64%        N/A       4%          8
 Maxwell's Capacitive Co  Air            52%        ∞         4%          8
 Disjunction              Tloc           46%        N/A       22%         8
 Orb of Destruction       Conj           28%        9d9       58%         7
 Ozocubu's Refrigeration  Ice            28%        4d13      58%         7
 Lehudib's Crystal Spear  Conj/Erth      35%        10d9      87%         8
 Discord                  Hex            28%        N/A       99%         8
 Ignition                 Fire           28%        3d9       99%         8
 Polar Vortex             Ice            28%        N/A       100%        9
 Animate Armour           Summ/Erth      Unusable   N/A       N/A         4
 Animate Dead             Necr           Unusable   N/A       N/A         4
 Corpse Rot               Necr/Pois/Air  Unusable   N/A       N/A         4
 Simulacrum               Ice/Necr       Unusable   N/A       N/A         6

Dungeon Overview and Level Annotations

Branches:
Dungeon (15/15)            Temple (1/1) D:5            Lair (5/5) D:8
 Shoals (4/4) Lair:2        Snake (4/4) Lair:3        Slime (5/5) Lair:5
    Orc (2/2) D:12            Elf (3/3) Orc:2        Vaults (5/5) D:14
  Crypt (3/3) Vaults:3       Tomb (0/3) Crypt:3      Depths (4/4) D:15
   Hell (visited)             Dis (0/7) Hell            Geh (0/7) Hell
    Coc (0/7) Hell            Tar (7/7) Hell            Zot (5/5) Depths:4
Desolation (visited)      Gauntlet (visited)

Altars:
Ashenzari
Cheibriados
Dithmenos
Elyvilon
Fedhas
Gozag
Hepliaklqana
Kikubaaqudgha
Makhleb
Nemelex Xobeh
Okawaru
Qazlal
Ru
Sif Muna
Trog
Uskayaw
Vehumet
Wu Jian
Xom
Yredelemnul
Zin
The Shining One
Jiyva
Lugonu

Shops:
D:8 ??   D:11 *:::   Orc:1 ?   Orc:2 [:[?   Elf:2 [   Shoals:4 =   Snake:1 [=*
Snake:2 ?   Snake:3 :[   Snake:4 =   Vaults:1 [   Vaults:2 [   Depths:1 !??*:=

Portals:
Hell: Depths:1 Depths:2 Depths:3 Depths:4
Abyss: Depths:1 Depths:3
Pandemonium: Depths:1 Depths:2 Depths:4
Ziggurat: Depths:3

Annotations:
D:6 4 runed translucent doors, exclusion: downstairs
D:7 1 runed translucent door, Crazy Yiuf
D:8 exclusion: downstairs
D:9 exclusion: downstairs
D:10 1 runed translucent door, MinkTDR's ghost, journeyman KoEn
D:12 exclusion: downstairs
Lair:4 exclusion: 2 downstairs
Shoals:3 exclusion: downstairs
Snake:3 1 runed translucent door, exclusions: 2 downstairs and 1 more exclusion, Ceerion's ghost, journeyman DsAK
Snake:4 exclusion: oklob plant
Elf:1 exclusion: downstairs
Elf:2 5 runed translucent doors
Vaults:1 2 transporters
Vaults:2 2 runed translucent doors, handsome's ghost, veteran OpWn
Vaults:3 exclusion: downstairs
Crypt:2 2 transporters, Jetyrhek's ghost, veteran GrEE
Zot:2 exclusion: downstairs
Zot:4 2 transporters, exclusion: downstairs


Innate Abilities, Weirdness & Mutations

You are an undead lich.
Your unarmed attacks are suffused with negative energy.
You are immune to unholy pain and torment.
Your necromantic spells are more powerful.
You cannot drink.
You are immune to poison.
You have sharp claws.
You have razor-sharp teeth.
You have supernaturally acute eyesight. (SInv)
You cover ground quickly. (Speed+)
Your thick and shaggy fur keeps you warm. (AC +3, rC+)
Your paws help you pounce on unaware monsters.
You are incapable of wielding weapons or throwing items.
You cannot wear armour.
You gain extra lives every three experience levels.
Your mind is acute. (Int +4, Str/Dex -1)
You are clumsy. (Dex -2)
Your body often deteriorates upon taking damage.
You are resistant to electric shocks. (rElec)


Message History

The bone dragon struggles to escape constriction.
A reaper comes into view. It is wielding a +7 vorpal scythe.
A dragon arrives to answer your call!
Your shadow dragon disappears in a puff of smoke!
Your tentacled monstrosity loses its grip on the bone dragon.
Your quicksilver dragon breathes dispelling energy at the bone dragon.
The bolt of dispelling energy hits the bone dragon!
Your quicksilver dragon bites the bone dragon.
Your quicksilver dragon claws the bone dragon but does no damage.
The reaper completely misses you.
The bone dragon closely misses your quicksilver dragon.
The bone dragon claws your quicksilver dragon.
The bone dragon tramples your quicksilver dragon!
Your quicksilver dragon is shoved backwards!
Unknown command.
You scratch the reaper but do no damage.
Your tentacled monstrosity disappears in a puff of smoke!
Your quicksilver dragon bites the bone dragon!
Your quicksilver dragon claws the bone dragon but does no damage.
Unknown command.
You scratch the bone dragon but do no damage.
The bone dragon is heavily damaged.
Your quicksilver dragon bites the bone dragon but does no damage.
Your quicksilver dragon claws the bone dragon!
You block the reaper's attack. The bone dragon bites you!
The bone dragon claws you. The bone dragon misses you.
Unknown command.
You scratch the bone dragon.
You claw the bone dragon, but do no damage.
The bone dragon is heavily damaged.
Your quicksilver dragon bites the bone dragon.
Your quicksilver dragon claws the bone dragon but does no damage.
The bone dragon completely misses you. The bone dragon claws you!
* * * LOW HITPOINT WARNING * * *
The bone dragon closely misses you.
The reaper draws a finger across its throat.
The reaper hits you with a +7 vorpal scythe!!
* * * LOW HITPOINT WARNING * * *
You die...
Your body crumbles into a pile of gold.

###...................
#......##.............
#....######...........
♣..### ###.........
♣..# ###....∩.. ♣..#
###..... ♣..♣♣♣♣#♣♣♣
###### ♣..'.2$...♣♣.
♣..'DLD.$$$..
#.$#.DDD..'..
♣..#.$DD..♣..
#..♣♣.##♣#♣ | #..#..♣
#..#..♣ #..♣..♣ #..#
#..#


You could see 2 bone dragons, a reaper, a friendly iron dragon (summoned), a
friendly golden dragon (summoned), a friendly ice dragon (summoned) and 2
friendly quicksilver dragons.

Vanquished Creatures
  Geryon (Hell)
  A caustic shrike (Depths:4)
  A bone dragon (Abyss:2)
  3 doom hounds
  A hellephant (Abyss:3)
  A tentacled monstrosity (Zot:3)
  A spectral shard shrike (Tar:4)
  A tainted leviathan (Tar:2)
  An Orb Guardian (Zot:5)
  A titan (Vaults:5)
  3 acid blobs
  A revenant (Crypt:3)
  3 azure jellies
  A vault warden (Vaults:5)
  A cacodemon (Abyss:2)
  A ghost moth (Zot:3)
  A frost giant (Vaults:5)
  An angel (Abyss:3)
  A very ugly thing (Abyss:2)
  2 ironbound preservers
  5 quicksilver oozes
  A stone giant (Vaults:5)
  A reaper (Tar:4)
  A green draconian (Zot:3)
  An eidolon (Tar:7)
  An ettin (Vaults:5)
  A jiangshi (Crypt:2)
  A blizzard demon (Hell)
  A spectral spriggan (Tar:4)
  A yaktaur captain (Vaults:5)
  A great orb of eyes (Vaults:5)
  A spriggan zombie (Crypt:2)
  A peacekeeper (Vaults:3)
  6 vault guards (Vaults:5)
  A rakshasa (Depths:1)
  An ironbound frostheart (Vaults:2)
  A two-headed ogre (Vaults:5)
  A satyr (Shoals:4)
  A dancing weapon (Abyss:3)
  A death yak (D:8)
  2 hell hogs (Abyss:3)
  A spectral storm dragon (Tar:1)
  An iron troll (Depths:1)
  2 soul eaters
  A shadow wraith (Tar:6)
  A sixfirhy (Abyss:2)
  4 skeletal warriors
  An anaconda zombie (Hell)
  6 deep trolls
  A flayed ghost (Crypt:3)
  A wizard (Vaults:3)
  An anaconda skeleton (Hell)
  A deep elf archer (Elf:3)
  2 nameless horrors (Depths:1)
  3 ironbound convokers
  A shadow dragon skeleton (Hell)
  A phantasmal warrior (Vaults:5)
  An orc knight (Vaults:5)
  An ugly thing (Vaults:4)
  A deep elf zephyrmancer (Elf:1)
  4 moths of wrath
  A black mamba (Snake:3)
  A salamander (Snake:4)
  A vault sentinel (Vaults:5)
  An eye of devastation (Abyss:2)
  A molten gargoyle (Hell)
  3 smoke demons
  2 yaktaurs
  A tormentor (Tar:3)
  An ancient zyme (Abyss:2)
  3 freezing wraiths
  A spectral harpy (Tar:3)
  4 slime creatures
  2 raiju (Abyss:3)
  A raiju (shapeshifter) (Vaults:5)
  11 starcursed masses (Abyss:2)
  2 flying skulls
  A water elemental (Depths:2)
  2 yaks
  6 golden eyes
  A chaos spawn (Abyss:3)
  A neqoxec (Abyss:2)
  A naga (Snake:4)
  A naga skeleton (Crypt:3)
  3 small abominations
  3 large abominations
  2 orc warriors (Vaults:5)
  2 ogres
  A boggart (Lair:5)
  A bullfrog (Lair:3)
  A scorpion (D:4)
  A wight (D:8)
  A water moccasin skeleton (Crypt:2)
  An electric eel (Lair:1)
  A quasit (Abyss:2)
  A jelly (Abyss:2)
  An orc priest (Orc:2)
  An iguana (D:7)
  A dart slug (D:1)
  7 orcs
  2 goblins (D:3)
  A quokka (D:1)
  3 bats
  A frilled lizard (D:3)
  A kobold skeleton (Crypt:2)
  4 rats
  2 snaplasher vines (Vaults:2)
  4 starspawn tentacles
188 creatures vanquished.

Vanquished Creatures (collateral kills)
  the Royal Jelly (Slime:5)
  A dread lich (Crypt:3)
  An orb of fire (Zot:5)
  2 ancient liches
  Mennas (Crypt:1)
  A juggernaut (Abyss:3)
  A Killer Klown (Zot:5)
  Xtahua (Vaults:4)
  Parghit (Depths:4)
  5 caustic shrikes
  2 curse toes
  9 golden dragons
  Jory (Vaults:5)
  12 bone dragons
  2 profane servitors
  3 Tzitzimimeh
  8 doom hounds
  An electric golem (Zot:2)
  A hellephant (Depths:1)
  6 liches
  12 tentacled monstrosities
  10 tainted leviathans
  8 Orb Guardians (Zot:5)
  A deep elf master archer (Elf:3)
  2 titans (Vaults:5)
  Grunn (Crypt:2)
  A walking frostbound tome (Depths:4)
  A walking divine tome (Depths:2)
  2 quicksilver dragons
  A deep elf blademaster (Elf:3)
  5 tentacled starspawn
  15 acid blobs
  5 sphinxes
  9 death cobs
  9 ancient champions
  The ghost of Waacy the Hill Orc Mishap, an adept HOFi of Qazlal (Lair:2)
  A storm dragon (shapeshifter) (Vaults:5)
  Kirke (D:12)
  8 azure jellies
  16 shadow dragons
  Donald (Shoals:1)
  9 storm dragons
  3 tengu reavers
  A daeva (Abyss:3)
  4 draconian monks
  3 revenants
  11 nagarajas
  6 draconian knights
  12 rockslimes
  9 fire giants
  2 balrugs
  19 vault wardens
  A draconian scorcher (Zot:5)
  5 frost giants
  5 deep elf sorcerers
  Louise (D:15)
  2 iron dragons (Vaults:5)
  Aizul (Vaults:4)
  4 imperial myrmidons (Desolation)
  3 spectral caustic shrikes
  3 ghost moths
  An emperor scorpion (D:15)
  2 curse skulls (Crypt:3)
  3 cacodemons
  13 ghouls
  28 very ugly things
  21 ironbound preservers
  3 draconian shifters
  3 draconian stormcallers
  11 reapers
  22 quicksilver oozes
  9 deep elf elementalists
  A rockslime zombie (Crypt:1)
  6 ironbound thunderhulks
  5 draconian annihilators
  2 ophanim (Abyss:3)
  A juggernaut skeleton (Crypt:3)
  8 black draconians
  11 deep elf annihilators
  11 green draconians
  4 war gargoyles
  13 vampire knights
  11 stone giants
  4 halazid warlocks (Desolation)
  10 putrid mouths
  7 white draconians
  7 deep elf demonologists
  8 yellow draconians
  A spectral titan (Tar:2)
  7 purple draconians
  The ghost of Dootley the Carver, a journeyman FoFi of Dithmenos (Orc:1)
  11 red draconians
  A spark wasp (Depths:2)
  16 dire elephants
  7 merfolk javelineers
  5 crystal guardians
  10 eidola
  A blizzard demon (Depths:1)
  An iron golem (Depths:1)
  13 jiangshi
  11 fire dragons
  16 ettins
  13 merfolk impalers
  13 deep elf death magi
  A spectral iron giant (Tar:3)
  8 ragged hierophants (Desolation)
  Josephine (D:14)
  2 spriggan zombies
  3 spectral spriggans
  15 great orbs of eyes
  A fenstrider witch zombie (Crypt:2)
  A kraken zombie (Hell)
  Fannar (Lair:2)
  9 ice dragons
  Harold (D:15)
  2 deep elf high priests
  4 rakshasas
  A hell beast (Depths:2)
  30 vault guards
  6 boulder beetles
  10 yaktaur captains
  3 salamander tyrants
  6 hydras
  8 ironbound frosthearts
  14 centaur warriors
  3 catoblepae (Lair:5)
  9 peacekeepers
  7 ogre magi
  4 spriggan air magi
  Erica (D:8)
  10 servants of whispers
  2 merfolk aquamancers (Shoals:4)
  An alligator snapping turtle (Shoals:4)
  3 two-headed ogres
  3 death knights
  5 merfolk avatars
  9 anacondas
  11 naga warriors
  A fenstrider witch skeleton (Crypt:3)
  A spectral stone giant (Tar:1)
  9 deep troll earth magi
  9 death yaks
  12 dancing weapons
  A thrashing horror (Abyss:2)
  5 satyrs
  3 deep troll shamans
  A quicksilver ooze zombie (Crypt:2)
  11 naga sharpshooters
  6 orc high priests (Orc:2)
  7 vampire magi
  3 hell hogs (Abyss:3)
  Urug (D:15)
  An emperor scorpion zombie (Crypt:1)
  5 tengu warriors
  Nergalle (Lair:3)
  A titan zombie (Vaults:4)
  2 spriggan berserkers
  6 shock serpents
  Sonja (Lair:2)
  A storm dragon zombie (Crypt:3)
  5 soul eaters
  2 sun demons
  A death drake (Abyss:2)
  4 salamander mystics
  15 hell knights
  9 deep elf knights
  6 shadow wraiths
  6 iron trolls
  4 sixfirhies
  82 skeletal warriors
  An anaconda zombie (Hell)
  A storm dragon skeleton (Abyss:2)
  3 wretched stars (Abyss:2)
  2 cherubim (Abyss:3)
  2 spectral anacondas
  Lodul (D:14)
  13 sea snakes
  4 naga ritualists
  A bog body (Crypt:3)
  8 flayed ghosts
  52 deep trolls
  5 glowing orange brains
  15 necromancers
  2 spriggan simulacra
  A shadow dragon zombie (Vaults:4)
  15 starcursed masses
  6 wizards
  A tengu zombie (Depths:1)
  A kraken simulacrum (Hell)
  Pikel (D:6)
  An anaconda skeleton (Crypt:1)
  An iron giant skeleton (Crypt:3)
  7 mana vipers
  13 deep elf archers
  27 harpies
  22 ironbound convokers
  15 phantasmal warriors
  5 orc knights
  22 deep elf zephyrmancers
  A wolf spider (shapeshifter) (Vaults:5)
  2 orange crystal statues (Hell)
  27 deep elf pyromancers
  3 human zombies
  A sphinx zombie (Crypt:1)
  11 lindwurms
  A manticore (shapeshifter) (Vaults:2)
  36 ugly things
  13 salamanders
  90 slime creatures
  5 shining eyes
  4 cyclopes
  A sphinx skeleton (Depths:1)
  A shadow dragon skeleton (Crypt:2)
  A spectral ettin (Tar:3)
  15 fauns
  2 will-o-the-wisps
  17 manticores
  A frost giant skeleton (Crypt:1)
  15 moths of wrath
  A stone giant zombie (Depths:1)
  2 worldbinders (Abyss:2)
  2 spectral centaurs
  Maurice (D:8)
  20 nameless horrors
  A centaur zombie (Crypt:3)
  2 stone giant skeletons
  A fire giant skeleton (Depths:1)
  An iron dragon skeleton (Depths:1)
  5 rust devils
  4 elephants (Lair:5)
  A black mamba (shapeshifter) (D:14)
  10 merfolk sirens
  10 guardian serpents
  3 guardian serpents (shapeshifter)
  2 ice statues (Hell)
  2 elephants (shapeshifter)
  A torpor snail (Lair:5)
  6 water nymphs
  29 black mambas
  2 gargoyles (D:12)
  4 smoke demons
  12 naga magi
  25 vault sentinels
  An eye of devastation (Slime:3)
  5 molten gargoyles
  6 cane toads
  Maggie (D:7)
  8 orange demons
  2 minotaur zombies (Crypt:1)
  3 dire elephant skeletons (Crypt:3)
  A green draconian zombie (Crypt:1)
  5 centaur skeletons
  6 rime drakes
  27 yaktaurs
  A spectral naga (Tar:2)
  A bunyip simulacrum (Crypt:1)
  A rime drake (shapeshifter) (D:13)
  4 tormentors
  4 komodo dragons
  An alligator snapping turtle skeleton (Crypt:3)
  3 hellions
  An efreet (Abyss:3)
  An iron troll zombie (Crypt:2)
  A spectral two-headed ogre (Tar:1)
  5 tengu conjurers
  4 trolls
  5 ancient zymes
  3 ice devils (Depths:1)
  A spectral harpy (Tar:2)
  A harpy zombie (Hell)
  7 guardian mummies
  An elf skeleton (Vaults:4)
  7 freezing wraiths
  A meliai (shapeshifter) (D:15)
  2 red devils
  A catoblepas skeleton (Crypt:3)
  A silent spectre (Tar:3)
  3 hellwings
  A sea snake skeleton (Hell)
  3 hydra skeletons
  36 merfolk
  A satyr zombie (Crypt:3)
  11 raiju (Abyss:3)
  61 saltlings
  4 blink frogs (Lair:2)
  2 hornets
  An iron dragon simulacrum (Depths:1)
  A harpy skeleton (Crypt:3)
  A human simulacrum (Vaults:4)
  A merfolk (shapeshifter) (Vaults:5)
  9 wind drakes
  An ettin zombie (Vaults:4)
  A hornet (shapeshifter) (D:15)
  10 snapping turtles
  7 dream sheep
  2 slime creatures (shapeshifter)
  An alligator skeleton (Hell)
  A fire dragon skeleton (Crypt:3)
  4 air elementals
  A shadow (Abyss:2)
  13 flying skulls
  5 ynoxinuls
  26 water elementals
  An ice dragon skeleton (Crypt:2)
  7 spriggan skeletons
  37 yaks
  A wyvern (Lair:2)
  5 basilisks
  3 hogs (D:12)
  2 steam dragons
  A black mamba skeleton (Crypt:1)
  A yak (shapeshifter) (Abyss:3)
  13 wraiths
  3 neqoxecs
  9 golden eyes
  16 large abominations
  6 vampire mosquitoes
  A glowing shapeshifter zombie (Depths:1)
  5 chaos spawn
  Menkaure (D:7)
  7 wargs
  An acid dragon (Zot:4)
  44 nagas
  3 naga skeletons
  17 water moccasins
  An acid dragon (shapeshifter) (D:15)
  A cane toad zombie (Crypt:1)
  A merfolk skeleton (Crypt:1)
  A glowing shapeshifter skeleton (Depths:1)
  A floating eye (Slime:3)
  17 orc warriors
  3 ice beasts
  3 black bears
  2 black mamba simulacra (Lair:2)
  13 wolves
  An ettin simulacrum (Crypt:1)
  23 ogres
  9 boggarts
  4 centaurs
  A lindwurm skeleton (Crypt:2)
  A spectral cyclops (Orc:1)
  2 phantoms (D:6)
  4 kobold brigands
  11 bullfrogs
  4 necrophages
  2 gnoll sergeants
  11 small abominations
  3 human skeletons
  3 earth elementals
  A naga simulacrum (Crypt:3)
  3 scorpions
  2 cane toad simulacra (Lair:2)
  12 wights
  An ogre simulacrum (Vaults:2)
  Dowan (D:7)
  9 killer bees
  A spectral ogre (Orc:1)
  An elephant simulacrum (Lair:2)
  A polar bear skeleton (Crypt:3)
  A rime drake simulacrum (Lair:2)
  3 howler monkeys (D:10)
  A crimson imp (Gauntlet)
  4 jellies
  38 orc priests
  A water moccasin simulacrum (Lair:2)
  A boggart zombie (Crypt:2)
  An iron imp (Abyss:3)
  Jessica (D:4)
  7 iguanas
  17 orc wizards
  4 spectral orcs (Orc:1)
  12 hell rats
  4 polar bear simulacra (Lair:3)
  A boggart skeleton (D:14)
  3 yak simulacra
  2 wolf simulacra (Lair:3)
  A sky beast zombie (Crypt:3)
  A basilisk simulacrum (Lair:2)
  A deep dwarf skeleton (Crypt:1)
  13 mummies
  Robin (D:3)
  22 gnolls
  A swamp drake zombie (Crypt:2)
  5 adders
  A steam dragon skeleton (Crypt:1)
  2 shadow imps
  5 white imps (Gauntlet)
  3 ufetubi
  2 worms
  5 dart slugs
  108 orcs
  10 endoplasms
  2 giant cockroaches (D:2)
  15 goblins
  12 hobgoblins
  4 jackals (D:1)
  7 quokkas
  5 ball pythons
  2 bats
  2 frilled lizards
  10 kobolds
  7 rats (D:2)
  3 river rat simulacra (Lair:3)
  A butterfly (Lair:4)
  3 starspawn tentacles
  2 tentacles (Hell)
2709 creatures vanquished.

Vanquished Creatures (others)
  A quicksilver dragon (Zot:3)
  A war gargoyle (Vaults:4)
  A minotaur (Gauntlet)
  6 hydras
  A boulder beetle (D:6)
  A servant of whispers (Desolation)
  2 two-headed ogres
  A naga warrior (Snake:3)
  3 death yaks (D:8)
  An orc high priest (Orc:2)
  A deep elf knight (Elf:2)
  A lindwurm (Orc:2)
  An orc knight (Orc:1)
  A wizard (Gauntlet)
  A faun (Shoals:4)
  3 black mambas
  Joseph (D:8)
  3 cane toads
  A gargoyle (D:10)
  A kobold demonologist (D:6)
  3 komodo dragons
  A troll (D:9)
  A saltling (Desolation)
  A raiju (Gauntlet)
  2 large abominations (Gauntlet)
  8 yaks
  A basilisk (Lair:1)
  A steam dragon (D:6)
  3 small abominations
  A naga (Lair:3)
  An acid dragon (D:8)
  2 wargs (Orc:2)
  6 water moccasins
  Duvessa (D:7)
  A sky beast (D:6)
  6 orc warriors
  4 wolves (Lair:5)
  2 wights (D:8)
  2 killer bees (D:8)
  An orc simulacrum (Orc:1)
  2 orc priests
  A gnoll bouda (D:8)
  An iguana (D:6)
  2 hell rats (Hell)
  2 orc wizards (D:10)
  3 gnolls (D:8)
  A shadow imp (D:6)
  3 orcs
  6 foxfires
  25 fungi
  2 lurking horrors (Abyss:2)
  339 plants
  17 snaplasher vines
  7 starspawn tentacles
  6 tentacles (Hell)
497 creatures vanquished.

Grand Total: 3394 creatures vanquished

Notes
Turn   | Place    | Note
-------+----------+-------------------------------------------
     0 | D:1      | 112233 the Felid Summoner began the quest for the Orb.
     0 | D:1      | Reached XP level 1. HP: 7/7 MP: 4/4
   393 | D:1      | Reached XP level 2. HP: 4/11 MP: 3/6
   638 | D:1      | Learned a level 2 spell: Call Imp
   916 | D:1      | Found a faded altar of an unknown god.
  2280 | D:2      | Reached XP level 3. HP: 14/14 MP: 5/8
  2284 | D:2      | Learned a level 3 spell: Call Canine Familiar
  2930 | D:2      | Noticed Jessica
  3552 | D:2      | Reached XP level 4. HP: 18/18 MP: 4/10
  3815 | D:2      | Learned a level 3 spell: Summon Guardian Golem
  4206 | D:4      | Noticed a scorpion
  4211 | D:4      | Killed a scorpion
  4212 | D:4      | Reached skill level 1 in Fighting
  4212 | D:4      | Reached XP level 5. HP: 22/22 MP: 11/11
  4633 | D:4      | Gained mutation: You are covered in thick fur. (AC +2)
                  | [Felid growth]
  4633 | D:4      | Reached XP level 6. HP: 26/26 MP: 8/13
  5439 | D:4      | Killed Jessica
  5600 | D:3      | Reached skill level 5 in Summonings
  5712 | D:3      | Noticed Robin
  5728 | D:3      | Killed Robin
  6129 | D:3      | Reached skill level 5 in Dodging
  6494 | D:3      | Reached XP level 7. HP: 31/31 MP: 14/14
  6671 | D:3      | Learned a level 4 spell: Summon Lightning Spire
  7136 | D:5      | Entered Level 5 of the Dungeon
  7285 | D:5      | Found a staircase to the Ecumenical Temple.
  7353 | D:5      | Reached skill level 5 in Spellcasting
  7381 | Temple   | Entered the Ecumenical Temple
  7492 | Temple   | Became a worshipper of Gozag Ym Sagoz the Greedy
  7873 | D:5      | Reached XP level 8. HP: 35/36 MP: 16/16
  8989 | D:6      | Reached skill level 5 in Fighting
  9401 | D:6      | Found a large runed translucent door.
  9402 | D:6      | Noticed a cyclops
  9403 | D:6      | Found a large runed translucent door.
  9431 | D:6      | Reached XP level 9. HP: 34/40 MP: 19/19
  9593 | D:6      | Noticed a kobold demonologist
  9596 | D:6      | Noticed a hellwing
  9611 | D:6      | Killed a kobold demonologist
  9710 | D:6      | Found a large runed translucent door.
  9710 | D:6      | Found a large runed translucent door.
  9789 | D:6      | Noticed a boulder beetle
  9811 | D:6      | Killed a boulder beetle
 10197 | D:7      | Noticed Duvessa
 10198 | D:7      | Noticed Dowan
 10212 | D:7      | Killed Duvessa
 10274 | D:7      | Noticed Maggie
 10276 | D:7      | Noticed Pikel
 10455 | D:6      | Killed Pikel
 10456 | D:6      | Reached XP level 10. HP: 14/46 MP: 15/22
 10898 | D:7      | Killed Dowan
 11216 | D:7      | Identified the +6 chain mail of Tomorrow {Dex+2}
 11229 | D:7      | Noticed Menkaure
 11236 | D:7      | Killed Menkaure
 11579 | D:7      | Killed Maggie
 11700 | D:7      | Found a runed translucent door.
 11701 | D:7      | Noticed Crazy Yiuf
 11813 | D:7      | Reached skill level 10 in Dodging
 12228 | D:7      | Identified the +5 ring mail of the Game of Kings {rPois
                  | Regen+ Int-3 Dex-3}
 12475 | D:8      | Noticed a death yak
 12496 | D:8      | Killed a death yak
 12916 | D:8      | Noticed a two-headed ogre
 12924 | D:8      | Killed a two-headed ogre
 13169 | D:8      | Noticed Joseph
 13284 | D:10     | Entered Level 10 of the Dungeon
 13783 | D:8      | Noticed Erica
 13794 | D:8      | Killed Erica
 13795 | D:8      | Reached skill level 1 in Air Magic
 14177 | D:8      | Killed Joseph
 14178 | D:8      | Reached XP level 11. HP: 40/51 MP: 14/24
 14312 | D:8      | Noticed a death yak
 14315 | D:8      | Noticed a death yak
 14315 | D:8      | Noticed a death yak
 14316 | D:8      | Noticed a death yak
 14337 | D:8      | Killed a death yak
 14338 | D:8      | Noticed a death yak
 14346 | D:8      | Killed a death yak
 14356 | D:8      | Killed a death yak
 14359 | D:8      | Killed a death yak
 14388 | D:8      | Reached skill level 10 in Summonings
 14388 | D:8      | Killed a death yak
 14594 | D:8      | Noticed Maurice
 14609 | D:8      | Killed Maurice
 14801 | D:8      | Found a staircase to the Lair.
 14940 | Lair:1   | Entered Level 1 of the Lair of Beasts
 14966 | Lair:1   | Noticed a six-headed hydra
 14973 | Lair:1   | Noticed a five-headed hydra
 14990 | Lair:1   | Killed a five-headed hydra
 14998 | Lair:1   | Killed a six-headed hydra
 15156 | Lair:1   | Noticed a five-headed hydra
 15165 | Lair:1   | Killed a five-headed hydra
 15378 | Lair:1   | Gained mutation: Your thick and shaggy fur keeps you warm.
                  | (AC +3, rC+) [Felid growth]
 15378 | Lair:1   | Reached XP level 12. HP: 57/57 MP: 26/26
 15387 | Lair:1   | Noticed an eight-headed hydra
 15398 | Lair:1   | Killed an eight-headed hydra
 15399 | Lair:1   | Reached skill level 10 in Spellcasting
 16969 | Lair:2   | Noticed Waacy's ghost (adept HOFi)
 17005 | Lair:2   | Noticed Sonja
 17025 | Lair:2   | Killed Sonja
 17027 | Lair:2   | Noticed a four-headed hydra
 17036 | Lair:2   | Killed a four-headed hydra
 17183 | Lair:2   | Noticed a seven-headed hydra
 17199 | Lair:2   | Killed a seven-headed hydra
 17542 | Lair:2   | Noticed Fannar
 17566 | Lair:2   | HP: 2/57 [komodo dragon (20)]
 17585 | Lair:2   | Killed Fannar
 17763 | Lair:2   | Found a runed translucent gate.
 17764 | Lair:2   | Found a runed translucent gate.
 17764 | Lair:2   | Found a runed translucent gate.
 17796 | Lair:2   | Found a staircase to the Shoals.
 18528 | Lair:3   | Noticed an eight-headed hydra
 18541 | Lair:3   | Killed an eight-headed hydra
 19003 | Lair:3   | Found a staircase to the Snake Pit.
 19376 | Lair:3   | Reached skill level 5 in Air Magic
 19548 | Lair:3   | Noticed Nergalle
 19562 | Lair:3   | Killed Nergalle
 19800 | Lair:3   | Reached XP level 13. HP: 61/61 MP: 29/29
 20506 | Lair:4   | Learned a level 1 spell: Apportation
 20574 | Lair:4   | Reached skill level 10 in Fighting
 20765 | Lair:4   | Identified the +2 trident of Sloth {vorpal, Will+ MP-9
                  | Dex+5}
 21377 | Lair:5   | Entered Level 5 of the Lair of Beasts
 21604 | Lair:5   | Found a staircase to the Slime Pits.
 21610 | Lair:5   | Found a gate leading to a gauntlet.
 21628 | Gauntlet | Entered a Gauntlet
 21628 | Gauntlet | Found a transporter.
 21712 | Gauntlet | Found a transporter.
 21714 | Gauntlet | Found a transporter.
 21725 | Gauntlet | Found a transporter.
 21728 | Gauntlet | Found a transporter.
 21742 | Gauntlet | Found a transporter.
 21753 | Gauntlet | Found a transporter.
 21764 | Gauntlet | Found a transporter.
 21772 | Gauntlet | Found a runed translucent gate.
 21772 | Gauntlet | Found a runed translucent gate.
 21772 | Gauntlet | Found a runed translucent gate.
 21777 | Gauntlet | Found a transporter.
 21791 | Gauntlet | Found a transporter.
 21804 | Gauntlet | Found a transporter.
 21805 | Gauntlet | Found a transporter.
 21847 | Gauntlet | Found a transporter.
 21861 | Gauntlet | Found a transporter.
 22256 | Gauntlet | Noticed a minotaur
 22265 | Gauntlet | Paralysed by a floating eye for 3 turns
 22272 | Gauntlet | Demolished by a minotaur
 22273 | Gauntlet | Reached XP level 12. HP: -20/58 MP: 21/37
 22522 | Gauntlet | Killed a minotaur
 23878 | D:9      | Learned a level 2 spell: Blink
 24681 | D:10     | Found a runed translucent door.
 24684 | D:10     | Noticed MinkTDR's ghost (journeyman KoEn)
 24941 | D:10     | Found a glowing golden altar of the Shining One.
 24941 | D:10     | Found a faded altar of an unknown god.
 24941 | D:10     | Noticed a two-headed ogre
 24949 | D:10     | Killed a two-headed ogre
 24981 | D:10     | Found an ancient bone altar of Kikubaaqudgha.
 24983 | D:10     | Found a glowing silver altar of Zin.
 24985 | D:10     | Found a faded altar of an unknown god.
 25347 | D:11     | Noticed a two-headed ogre
 25354 | D:11     | Killed a two-headed ogre
 25482 | D:11     | Found Himarr's Assorted Antiques.
 25506 | D:11     | Reached XP level 13. HP: 62/62 MP: 30/30
 25545 | D:11     | Bought a scroll of identify for 62 gold pieces
 25545 | D:11     | Bought a scroll labelled HEATOE GONG for 31 gold pieces
 26056 | D:12     | Found a staircase to the Orcish Mines.
 26098 | Orc:1    | Entered Level 1 of the Orcish Mines
 26243 | Orc:1    | Found Coleu's Magic Scroll Shop.
 26265 | Orc:1    | Bought a scroll of identify for 30 gold pieces
 26265 | Orc:1    | Bought a scroll of blinking for 112 gold pieces
 26265 | Orc:1    | Bought a scroll of blinking for 112 gold pieces
 26265 | Orc:1    | Bought a scroll of teleportation for 45 gold pieces
 26265 | Orc:1    | Bought a scroll of fog for 60 gold pieces
 26386 | Orc:1    | Found a runed translucent gate.
 26386 | Orc:1    | Found a runed translucent gate.
 26386 | Orc:1    | Found a runed translucent gate.
 26476 | Orc:1    | Noticed Dootley's ghost (journeyman FoFi)
 26515 | Orc:2    | Entered Level 2 of the Orcish Mines
 26742 | Orc:2    | Found a staircase to the Elven Halls.
 30005 | Orc:2    | Found Pobauskeb's Antique Armour Emporium.
 30005 | Orc:2    | Found Odaych's Book Shop.
 30114 | Orc:2    | Found Duileuh's Antique Armour Emporium.
 30114 | Orc:2    | Found Hearaxah's Magic Scroll Shop.
 30128 | Orc:2    | Bought a scroll of teleportation for 51 gold pieces
 30128 | Orc:2    | Bought a scroll of teleportation for 51 gold pieces
 30128 | Orc:2    | Bought a scroll of fog for 68 gold pieces
 30128 | Orc:2    | Bought a scroll of teleportation for 51 gold pieces
 31510 | D:12     | Noticed Kirke
 31528 | D:12     | Killed Kirke
 31807 | D:8      | Bought a scroll of blinking for 82 gold pieces
 31807 | D:8      | Bought a scroll of immolation for 44 gold pieces
 31807 | D:8      | Bought a scroll of fog for 44 gold pieces
 31809 | D:8      | Bought a scroll of blinking for 120 gold pieces
 31809 | D:8      | Bought a scroll of fear for 64 gold pieces
 31812 | D:8      | Bought a scroll of amnesia for 44 gold pieces
 31813 | D:8      | Identified a scroll of acquirement
 31814 | D:8      | Acquired Dispater's Vellum of Companions
 31819 | D:8      | Learned a level 2 spell: Passwall
 31826 | D:8      | Learned a level 6 spell: Summon Cactus Giant
 31834 | D:8      | Learned a level 7 spell: Monstrous Menagerie
 32177 | Orc:1    | Killed Dootley's ghost
 32198 | Orc:1    | Identified the amulet of Qidebreq {Faith Dex+3}
 34029 | Lair:5   | Reached XP level 14. HP: 54/67 MP: 21/33
 34039 | Lair:5   | Reached skill level 15 in Dodging
 34236 | Lair:5   | Reached skill level 15 in Spellcasting
 37146 | D:14     | Noticed Josephine
 37155 | D:14     | Killed Josephine
 37444 | D:14     | Noticed Lodul
 37455 | D:14     | Killed Lodul
 38963 | D:14     | Reached XP level 15. HP: 72/72 MP: 22/36
 39280 | D:14     | Found a gate to the Vaults.
 40239 | D:15     | Entered Level 15 of the Dungeon
 40276 | D:15     | Reached skill level 15 in Summonings
 40646 | D:15     | Noticed an emperor scorpion
 40653 | D:15     | Killed an emperor scorpion
 40812 | D:15     | Found a staircase to the Depths.
 40850 | D:15     | Noticed Urug
 40857 | D:15     | Killed Urug
 40909 | D:15     | Noticed Harold
 40922 | D:15     | Killed Harold
 40951 | D:15     | Noticed Louise
 40958 | D:15     | Killed Louise
 41276 | D:15     | Learned a level 2 spell: Wereblood
 42095 | D:11     | Learned a level 6 spell: Statue Form
 42185 | Shoals:1 | Entered Level 1 of the Shoals
 42621 | Shoals:1 | Reached skill level 1 in Transmutations
 42786 | Shoals:1 | Noticed Donald
 42797 | Shoals:1 | Killed Donald
 44892 | Shoals:2 | Learned a level 7 spell: Summon Hydra
 44947 | Shoals:2 | Hit by a javelin thrown by a merfolk javelineer
 44948 | Shoals:2 | Reached XP level 14. HP: -9/69 MP: 21/45
 45212 | D:11     | Bought a book of the Wilderness for 456 gold pieces
 45863 | Shoals:2 | Learned a level 5 spell: Summon Forest
 46232 | Shoals:2 | Reached XP level 15. HP: 73/73 MP: 16/37
 46328 | Shoals:2 | You fall into a shaft and drop 1 floor!
 47992 | Shoals:3 | HP: 3/74 [merfolk javelineer/javelin (26)]
 47999 | Shoals:3 | HP: 3/74 [merfolk javelineer/javelin (22)]
 48679 | Shoals:4 | Entered Level 4 of the Shoals
 48793 | Snake:1  | Entered Level 1 of the Snake Pit
 49804 | Snake:1  | Found Reshrer's Armour Boutique.
 49806 | Snake:1  | Found Reluih's Jewellery Shop.
 49810 | Snake:1  | Found Taschoag's General Store.
 51171 | Snake:2  | Found Suvituxt's Magic Scroll Emporium.
 51605 | Snake:2  | Bought a scroll of teleportation for 39 gold pieces
 51605 | Snake:2  | Bought a scroll of summoning for 123 gold pieces
 51605 | Snake:2  | Bought a scroll of blinking for 97 gold pieces
 51605 | Snake:2  | Bought a scroll of teleportation for 39 gold pieces
 51605 | Snake:2  | Bought a scroll of blinking for 97 gold pieces
 51605 | Snake:2  | Bought a scroll of fear for 52 gold pieces
 51866 | Snake:2  | Identified the +6 falchion "Beoprar" {holy, rF+}
 52358 | Snake:3  | Noticed a nagaraja
 52444 | Snake:3  | Killed a nagaraja
 53223 | Snake:3  | Found Boddes's Armour Emporium.
 53423 | Snake:3  | Reached skill level 5 in Transmutations
 53901 | Snake:3  | Reached XP level 16. HP: 79/79 MP: 7/39
 54210 | Snake:3  | Identified the +9 plate armour of the Thirsty Nightmares
                  | {Fly Will+}
 55758 | Snake:3  | Found a runed translucent door.
 55760 | Snake:3  | Noticed Ceerion's ghost (journeyman DsAK)
 55878 | Snake:4  | Entered Level 4 of the Snake Pit
 55921 | Snake:4  | Reached skill level 1 in Evocations
 56460 | Elf:1    | Entered Level 1 of the Elven Halls
 56681 | Snake:4  | Found a hazy altar of Hepliaklqana.
 58327 | Snake:4  | Found Xautia's One-of-a-Kind Rings.
 60692 | Shoals:4 | Identified the ring of Vuob {rC+ EV+4 Dex+2}
 64053 | Shoals:4 | Found Cusim's Jewellery Boutique.
 64073 | Shoals:4 | Got a barnacled rune of Zot
 64534 | Shoals:4 | Reached XP level 17. HP: 84/84 MP: 21/41
 66924 | Snake:4  | Found the +1 Delatra's gloves {ID++}
 67585 | Snake:4  | Killed from afar by a salamander tyrant
 67586 | Snake:4  | Reached XP level 16. HP: -12/80 MP: 15/40
 70148 | Snake:4  | Got a serpentine rune of Zot
 71375 | Snake:4  | Bought a +7 ring of evasion for 1863 gold pieces
 71747 | Vaults:1 | Entered Level 1 of the Vaults
 72118 | Vaults:1 | Found Niel's Armour Shoppe.
 72968 | Vaults:1 | Reached skill level 15 in Fighting
 73049 | Vaults:1 | Identified the +4 leather armour "Odwexuav" {-Tele rN++
                  | Regen+ Dex-5}
 73071 | Vaults:1 | Reached XP level 17. HP: 81/85 MP: 13/42
 74770 | Vaults:1 | Found a transporter.
 74810 | Vaults:1 | Found a transporter.
 76049 | Vaults:3 | Identified the +1 ring mail of the End {rPois Str-4 Int+7}
 76342 | Vaults:3 | Found a crumbling gateway.
 76365 | Desolati | Entered the Desolation of Salt
 76969 | Desolati | Reached skill level 1 in Earth Magic
 77262 | Desolati | Reached skill level 10 in Transmutations
 77563 | Desolati | Identified the ring "Soyc" {Wiz Int+4}
 77655 | Desolati | HP: 1/85 [ragged hierophant/a resonance strike (19)]
 77655 | Desolati | Killed from afar by a ragged hierophant
 77656 | Desolati | Reached XP level 16. HP: -9/81 MP: 18/41
 77740 | Desolati | Reached XP level 17. HP: 85/85 MP: 24/42
 78314 | Desolati | Identified the ring of Feemp {rElec rPois rN+ Dex+6}
 78332 | Desolati | Got Paomefen's Compilation of Amassed Fascination
 78620 | Desolati | Found the +11 plutonium sword {Contam Stlth-}
 78623 | Desolati | Identified the +7 spear of Reapportionment {vorpal, *Noise
                  | Int+4 Dex+3}
 78809 | Desolati | Got the Compendium of Alluring Envenoming
 78811 | Desolati | Got the Guide on Congealing Incandescence
 79002 | Desolati | Identified the ring "Roukex" {rElec rPois rC+ rN+}
 79047 | Desolati | Identified the ring "Wingous" {Str+3 Int+6}
 79494 | Desolati | Identified the ring "Anydghuh" {rPois rC++ Dex+6}
 79497 | Desolati | Got the Directory of the Blistering Snowflakes
 79721 | Vaults:3 | Found a staircase to the Crypt.
 79773 | Vaults:3 | You fall into a shaft and drop 1 floor!
 80427 | Vaults:4 | Noticed Xtahua
 81363 | Vaults:4 | Noticed Aizul
 81369 | Vaults:4 | Killed Aizul
 81373 | Vaults:4 | Reached XP level 18. HP: 28/90 MP: 11/44
 83602 | Vaults:2 | Reached skill level 5 in Earth Magic
 84002 | Vaults:2 | Found Rueweh's Armour Emporium.
 84490 | Vaults:2 | Learned a level 9 spell: Dragon's Call
 85168 | Vaults:2 | Found a large runed translucent door.
 85168 | Vaults:2 | Found a large runed translucent door.
 85168 | Vaults:2 | Noticed handsome's ghost (veteran OpWn)
 86133 | Elf:1    | You fall into a shaft and drop 1 floor!
 86141 | Elf:2    | Found Ryrarpheul's Antique Armour Boutique.
 86459 | Abyss:2  | Cast into level 2 of the Abyss (a deep elf sorcerer)
 86480 | Abyss:2  | Gained mutation: Your muscles are strong. (Str +4, Int/Dex
                  | -1) [a cacodemon]
 86486 | Abyss:2  | Gained mutation: You are somewhat resistant to further
                  | mutation. [a cacodemon]
 86651 | Abyss:2  | Reached XP level 19. HP: 83/90 MP: 24/46
 86780 | Abyss:2  | Noticed a bone dragon
 86794 | Abyss:2  | Killed a bone dragon
 86822 | Elf:1    | Escaped the Abyss
 87245 | Elf:1    | Got the Encyclopedia of Attacks
 87351 | Elf:1    | Found a radiant altar of Vehumet.
 88346 | Elf:2    | Paralysed by an air elemental for 1 turns
 88675 | Snake:3  | Bought the Incunabulum of Damaging Accompaniment for 720
                  | gold pieces
 88684 | Snake:3  | Learned a level 8 spell: Summon Horrible Things
 89292 | Elf:2    | Found a huge runed translucent gate.
 89292 | Elf:2    | Found a huge runed translucent gate.
 89292 | Elf:2    | Found a huge runed translucent gate.
 89292 | Elf:2    | Found a huge runed translucent gate.
 89293 | Elf:2    | Found a huge runed translucent gate.
 89793 | Elf:3    | Entered Level 3 of the Elven Halls
 91038 | Elf:3    | Paralysed by an air elemental for 1 turns
 91227 | Elf:3    | Identified the +7 hand axe of the Whelk {vorpal, Will+}
 91232 | Elf:3    | Identified the ring of Dov Geq {*Corrode rPois rF+ rN+}
 91243 | Elf:3    | Identified the ring of Quphi {+Blink rN++ Str+6 Int-5
                  | Stlth+}
 91608 | Elf:3    | Identified the +8 dagger of Imidung {vorpal, rC- Str+7
                  | Int+6}
 91630 | Elf:3    | Reached XP level 20. HP: 94/99 MP: 15/47
 91921 | Elf:3    | Identified the +5 shortbow of Bodily Harmony {venom, rF+}
 93910 | Vaults:4 | Killed Xtahua
 94488 | Depths:1 | Entered Level 1 of the Depths
 94505 | Depths:1 | Found Zussoh's Serpentskin Sales.
 94996 | Depths:1 | Found a gateway to Hell.
 95159 | Depths:1 | Found a corrupted altar of Lugonu.
 95161 | Depths:1 | Found a one-way gate to the infinite horrors of the Abyss.
 95547 | Depths:1 | Got Yriole's Codex of the Grave
 95739 | Depths:1 | Found a one-way gate leading to the halls of Pandemonium.
 96514 | Depths:2 | Reached XP level 21. HP: 103/103 MP: 26/49
 96524 | Depths:2 | Noticed a caustic shrike
 96530 | Depths:2 | Killed a caustic shrike
 97979 | Depths:2 | Reached skill level 1 in Unarmed Combat
 98724 | Depths:3 | Found a one-way gateway to a ziggurat.
 98810 | Depths:3 | Found a stormy altar of Qazlal.
 98895 | Depths:3 | Identified the +3 leather armour of Prudence {rCorr Str+4
                  | Dex+3}
 99571 | Depths:3 | Noticed a golden dragon
 99576 | Depths:3 | Killed a golden dragon
 99650 | Depths:4 | Entered Level 4 of the Depths
100127 | Depths:4 | Noticed a caustic shrike
100128 | Depths:4 | Noticed a caustic shrike
100128 | Depths:4 | Noticed a caustic shrike
100129 | Depths:4 | Noticed a caustic shrike
100130 | Depths:4 | Noticed a caustic shrike
100141 | Depths:4 | Killed a caustic shrike
100141 | Depths:4 | Killed a caustic shrike
100144 | Depths:4 | Killed a caustic shrike
100146 | Depths:4 | Killed a caustic shrike
100147 | Depths:4 | Killed a caustic shrike
100426 | Depths:4 | Found a viscous altar of Jiyva.
100474 | Depths:4 | Noticed Parghit
100486 | Depths:4 | Killed Parghit
100487 | Depths:4 | Reached XP level 22. HP: 103/109 MP: 22/51
101113 | Depths:4 | Noticed a golden dragon
101119 | Depths:4 | Killed a golden dragon
101167 | Depths:4 | Found a gate to the Realm of Zot.
101668 | Vaults:5 | Entered Level 5 of the Vaults
101675 | Vaults:5 | Reached skill level 5 in Unarmed Combat
101676 | Vaults:5 | Reached skill level 5 in Evocations
101983 | Vaults:5 | Noticed a golden dragon
102465 | Vaults:5 | Noticed a golden dragon
102479 | Vaults:5 | Killed a golden dragon
102479 | Vaults:5 | Killed a golden dragon
102519 | Vaults:5 | Noticed an ancient lich
102540 | Vaults:5 | Killed an ancient lich
102813 | Vaults:5 | Identified the +7 mace "Spiderbane" {spect, rC- rCorr
                  | Int+3}
102817 | Vaults:5 | Noticed Jory
102826 | Vaults:5 | Killed Jory
102839 | Vaults:5 | Identified the +2 robe of Restlessness {Int+3}
103192 | Vaults:5 | Identified the +7 dire flail of the Sun {drain, *Noise
                  | Will+ Dex+2}
103516 | Vaults:5 | Got a silver rune of Zot
103526 | Vaults:5 | Identified the amulet "Owuihain" {Reflect rElec rN+ Regen+
                  | SH+5 Stlth-}
104005 | Depths:1 | Bought Sif Muna's Grimoire of Evolution and the Winter for
                  | 598 gold pieces
104110 | Zot:1    | Entered Level 1 of the Realm of Zot
104110 | Zot:1    | Noticed a golden dragon
104123 | Zot:1    | Killed a golden dragon
104142 | Zot:1    | Reached XP level 23. HP: 114/114 MP: 23/53
104624 | Zot:1    | HP: 2/114 [poison (poison gas)]
105589 | Zot:2    | Noticed a curse toe
105712 | Zot:2    | Killed a curse toe
106206 | Zot:2    | Identified the +0 robe of the Valley {Int+4 Slay+2}
106270 | Zot:2    | You fall into a shaft and drop 1 floor!
107640 | Zot:3    | Identified the ring of Vosiph {Wiz rPois rC- Str+4}
107881 | Zot:3    | Learned a level 5 spell: Manifold Assault
107889 | Zot:3    | Learned a level 7 spell: Storm Form
108609 | Zot:4    | Found a transporter.
108941 | Zot:4    | Found a transporter.
109307 | Zot:5    | Entered Level 5 of the Realm of Zot
109586 | Zot:5    | Noticed an orb of fire
109959 | Zot:5    | Noticed a curse toe
109964 | Zot:5    | Killed an orb of fire
109964 | Zot:5    | Killed a curse toe
109967 | Zot:5    | Reached XP level 24. HP: 65/119 MP: 15/53
110684 | Zot:5    | Noticed a Killer Klown
110688 | Zot:5    | Noticed an orb of fire
110695 | Zot:5    | Killed a Killer Klown
110698 | Zot:5    | Noticed an ancient lich
110791 | Zot:5    | Noticed an orb of fire
110794 | Zot:5    | Gained mutation: You are clumsy. (Dex -2) [an orb of fire]
111315 | Crypt:1  | Entered Level 1 of the Crypt
111744 | Crypt:1  | Reached skill level 10 in Air Magic
112676 | Crypt:1  | Noticed Mennas
112698 | Crypt:1  | Killed Mennas
113545 | Crypt:2  | Found a transporter.
113617 | Crypt:2  | Noticed Jetyrhek's ghost (veteran GrEE)
113619 | Crypt:2  | Noticed Grunn
113619 | Crypt:2  | Found a transporter.
113625 | Crypt:2  | Killed Grunn
114378 | Crypt:3  | Entered Level 3 of the Crypt
114942 | Crypt:3  | Reached XP level 25. HP: 124/124 MP: 32/54
114955 | Crypt:3  | Found an ancient bone altar of Kikubaaqudgha.
115636 | Crypt:3  | Paralysed by a Zot trap for 3 turns
116213 | Crypt:3  | Found a staircase to the Tomb.
116433 | Crypt:3  | Noticed a dread lich
116439 | Crypt:3  | Killed a dread lich
117180 | Crypt:3  | Reached skill level 27 in Spellcasting
117697 | Hell     | Entered the Vestibule of Hell
117698 | Hell     | Noticed Geryon
117977 | Depths:1 | Bought a potion of heal wounds for 95 gold pieces
117977 | Depths:1 | Bought a potion of curing for 57 gold pieces
117977 | Depths:1 | Bought a potion of mutation for 152 gold pieces
117979 | Depths:1 | Bought a scroll of fog for 68 gold pieces
117979 | Depths:1 | Bought a scroll of fear for 68 gold pieces
117981 | Depths:1 | Bought a scroll of teleportation for 66 gold pieces
117981 | Depths:1 | Bought a scroll of magic mapping for 165 gold pieces
117981 | Depths:1 | Bought a scroll of blinking for 165 gold pieces
117981 | Depths:1 | Bought a scroll of magic mapping for 165 gold pieces
117981 | Depths:1 | Bought a scroll of amnesia for 88 gold pieces
117990 | Depths:1 | Voluntarily entered the Abyss.
118301 | Abyss:2  | Paralysed by accursed screaming for 1 turns
118654 | Abyss:3  | Reached skill level 27 in Dodging
118654 | Abyss:3  | Reached skill level 5 in Stealth
118676 | Depths:1 | Escaped the Abyss
118757 | Depths:1 | Reached skill level 10 in Unarmed Combat
118757 | Depths:1 | Reached XP level 26. HP: 130/130 MP: 24/55
118985 | Depths:1 | Voluntarily entered the Abyss.
119047 | Abyss:3  | Found a glowing golden altar of the Shining One.
119058 | Abyss:3  | Noticed a juggernaut
119064 | Abyss:3  | Killed a juggernaut
119076 | Abyss:3  | Got an abyssal rune of Zot
119115 | Depths:1 | Escaped the Abyss
119291 | D:8      | Lost mutation: You are clumsy. (Dex -2) [potion of
                  | mutation]
119291 | D:8      | Lost mutation: Your muscles are strong. (Str +4, Int/Dex
                  | -1) [potion of mutation]
119291 | D:8      | Lost mutation: You are somewhat resistant to further
                  | mutation. [potion of mutation]
119291 | D:8      | Gained mutation: You sometimes lose your temper in combat.
                  | [potion of mutation]
119291 | D:8      | Gained mutation: You are frail. (-10% HP) [potion of
                  | mutation]
119292 | D:8      | Lost mutation: You are frail. (-10% HP) [potion of
                  | mutation]
119292 | D:8      | Lost mutation: You sometimes lose your temper in combat.
                  | [potion of mutation]
119292 | D:8      | Gained mutation: You are clumsy. (Dex -2) [potion of
                  | mutation]
119292 | D:8      | Gained mutation: Your mind is acute. (Int +4, Str/Dex -1)
                  | [potion of mutation]
119292 | D:8      | Gained mutation: You are resistant to electric shocks.
                  | (rElec) [potion of mutation]
119409 | Slime:1  | Entered Level 1 of the Pits of Slime
119726 | Slime:2  | Gained mutation: Your body sometimes deteriorates upon
                  | taking damage. [a shining eye]
120023 | Slime:3  | Reached skill level 1 in Translocations
120286 | Slime:3  | Paralysed by a floating eye for 2 turns
120292 | Slime:3  | Reached XP level 27. HP: 122/134 MP: 32/55
120779 | Slime:5  | Entered Level 5 of the Pits of Slime
120801 | Slime:5  | Noticed the Royal Jelly
121165 | Slime:5  | Killed the Royal Jelly
121183 | Slime:5  | Reached skill level 5 in Translocations
121247 | Slime:5  | Found the +7 mace of Variability {chain chaos}
121254 | Slime:5  | Identified the ring of Meacw {EV+4 Int+2}
121437 | Slime:5  | Identified the +7 sling of Putrescence {vorpal, rElec}
121444 | Slime:5  | Got a slimy rune of Zot
121525 | Slime:5  | Identified the +8 great mace "Embalmer" {vorpal, rF++ Will+
                  | rCorr Str-4}
121547 | Slime:5  | Identified the +5 sling of Reapportionment {venom, rElec
                  | rPois Str+2}
121739 | Lair:2   | Killed Waacy's ghost
123922 | Depths:1 | Gained mutation: Your body often deteriorates upon taking
                  | damage. [a cacodemon]
124326 | Depths:1 | Reached skill level 15 in Transmutations
126149 | Hell     | Killed Geryon
126309 | Hell     | Found a gateway to the decaying netherworld of Tartarus.
126449 | Hell     | Found a gateway to the freezing wastes of Cocytus.
126583 | Hell     | Found a gateway to the Iron City of Dis.
126740 | Hell     | Found a gateway to the ashen valley of Gehenna.
126914 | Tar:1    | Entered Level 1 of Tartarus
127444 | Tar:2    | You fall into a shaft and drop 1 floor!
127734 | D:11     | Bought a manual of Necromancy for 1040 gold pieces
127743 | D:11     | Learned a level 8 spell: Necromutation
128138 | Tar:2    | Reached skill level 1 in Necromancy
128708 | Tar:3    | Reached skill level 5 in Necromancy
129506 | Tar:6    | Lost strength.
129511 | Tar:6    | HP: 3/133 [tainted leviathan (26)]
129511 | Tar:6    | Demolished by a doom hound
129512 | Tar:6    | Reached XP level 26. HP: -14/129 MP: 18/55
129533 | Tar:6    | Mangled by a tainted leviathan
129534 | Tar:6    | Reached XP level 25. HP: -11/189 MP: 24/55
129552 | Tar:6    | Reached skill level 10 in Necromancy
130176 | Tar:7    | Entered Level 7 of Tartarus
130189 | Tar:7    | Reached XP level 26. HP: 115/116 MP: 26/55
130502 | Tar:7    | Noticed an ancient lich
130511 | Tar:7    | Killed an ancient lich
130521 | Tar:7    | Slain by a reaper

Illustrated notes

Levels and vault maps discovered:
D:1:      sevenhm_arrival_forest_fort_large_3, layout_basic, serial_curves,
          eino_curves_03, eino_curves_04, eino_curves_04, eino_curves_03,
          hellmonk_ecumenical_altar_crossroads, dreamdust_mushroom_princess,
          chequers_serial_rivers_micro_e, roderic_serpentine_path,
          chequers_serial_rivers_small_b
D:2:      minmay_evil_eye, layout_basic, grunt_ministairs_13,
          minmay_rat_gold_closets, uniq_jessica
D:3:      layout_loops_corners, uniq_robin
D:4:      layout_basic, serial_bayou_pond_e, grunt_decor_cap,
          minmay_fractal_squares_diagonal_5
D:5:      layout_loops_ring, minmay_temple_entry_mist, roderic_lattice_a
D:6:      layout_rooms, minmay_hollow_rounded_squares
D:7:      wad_pebble_path, layout_rooms, uniq_pikel, uniq_duvessa,
          uniq_menkaure, uniq_maggie, uniq_crazy_yiuf_cottage
D:8:      layout_basic, dpeg_lair_monsters, uniq_maurice, uniq_erica,
          uniq_joseph
D:9:      layout_basic
D:10:     layout_irregular_city, chequers_temple_overflow_minitemple,
          ebering_ghost_reflecting_pool
D:11:     layout_cave_pools, serial_shops, shop, minivault_27,
          kennysheep_pointless_box, grunt_decor_one_mirror
D:12:     layout_grid_maze, orc_0_dummy, uniq_kirke
D:13:     layout_cave_pools
D:14:     layout_loops_ring, hangedman_vaults_entry_quadrant_bands,
          kennysheep_nub, eino_small_chamber_without_monster, uniq_lodul,
          uniq_josephine
D:15:     hangedman_depths_entry_try_elsewhere_first, layout_rooms, special_room
          [special_room_orc], nrook_mini_vaults, sword_in_stone
Temple:   compressed_dpeg_triangle_lava_temple
Lair:1:   layout_chaotic_city, grunt_forest_small_clearings, minivault_19,
          serial_bayou_shore_a
Lair:2:   layout_loops_ring, minmay_shoals_entry_lonely_mermaid,
          gammafunk_ghost_icy, uniq_sonja, uniq_fannar
Lair:3:   layout_cave_shapes, guppyfry_snake_entry_island,
          eino_house_with_fridge, uniq_nergalle
Lair:4:   beast_lair_carwin_large_3, layout_loops_ring,
          infiniplex_staircase_pool_2, lemuel_fruit_fields
Lair:5:   evilmike_catoblepas_cave, layout_gridlike,
          nicolae_slime_entry_slimehenge, gauntlet_entry_generic,
          portal_ice_cave_rime, serial_bayou_lagoon_a, kilobyte_rumbling_trees
Shoals:1: layout_shoals, uniq_donald
Shoals:2: layout_shoals, nicolae_shoals_pincushion_passage
Shoals:3: layout_shoals
Shoals:4: shoals_end_grunt_garden, layout_shoals, serial_shops,
          nicolae_diamond_shop
Snake:1:  layout_honeycomb, minmay_shop_star
Snake:2:  layout_rooms, serial_shops, shop, lemuel_fruit_tree
Snake:3:  layout_honeycomb, ebering_ghost_inner_flame, serial_shops, shop,
          grunt_megastairs_3
Snake:4:  grunt_snake_rune_pools, layout_chambers, drop_trap,
          nicolae_shop_unique_rings, lemuel_oklob_altar
Slime:1:  layout_caves, cheibrodos_slime_lost_civilization_6
Slime:2:  layout_caves
Slime:3:  layout_caves
Slime:4:  layout_caves
Slime:5
Orc:1:    layout_caves, serial_shops, shop_scrolls, gammafunk_ghost_necromancy,
          lightli_orcish_oven
Orc:2:    st_orc_town, layout_caves, nicolae_volcano_entry_vermiform
Elf:1:    elf_arrival_002, layout_gridlike, basic_altar, minmay_elf_annihilation
Elf:2:    elven_hall_of_blades_hangedman_alternative
          [nicolae_blade_entry_floor_patterns], layout_onion_city, serial_shops,
          nicolae_shop_temple_entry_statues_fountains,
          serial_sigils_hangedman_etch, grunt_ministairs_10
Elf:3:    minmay_elf_hall_spiked, layout_gridlike, grunt_ministairs_7,
          minmay_misc_feat_five, dreamdust_wishing_well, st_stairs_2
Vaults:1: v_misc_13, gammafunk_dig_for_victory, v_alt_pattern_5,
          nicolae_vaults_hallways_thing, vaults_room_grunt_arrival_ludios,
          grunt_vaults_hallway_long, v_alt_pattern_1, v_misc_16,
          dpeg_vaults_monster_row, nicolae_vaults_network_quinsquares
          [nicolae_vaults_network_quincunx_subvault,
          nicolae_vaults_network_quincunx_subvault,
          nicolae_vaults_network_quincunx_subvault,
          nicolae_vaults_network_quincunx_subvault], v_misc_22,
          nicolae_vaults_triangles, v_misc_12, vaults_room_hallway,
          nicolae_vaults_little_squares_1, layout_vaults_omnibox, serial_shops,
          nicolae_diamond_shop
Vaults:2: advil_vaults_ghost_guards, nicolae_vaults_back_hallway,
          nicolae_vaults_little_squares_5, v_misc_1, v_misc_29,
          nicolae_vaults_network_square, nicolae_vaults_octagons,
          ontoclasm_vaults_spin, vaults_standard_mumra_enter_the_diamond,
          v_misc_26, layout_vaults_ring, serial_shops, shop_fountains
Vaults:3: portal_desolation_entry_salt, vaults_room_boxed, st_hourglassy,
          hangedman_vaults_trim, minmay_crypt_entry_simple_plaza,
          nicolae_vaults_little_squares_4, ontoclasm_vaults_tryst,
          grunt_vaults_diagonal, hangedman_vaults_hat, vaults_dpeg_spiral,
          nicolae_vaults_network_periphery, v_misc_12, v_misc_31, v_misc_8,
          nicolae_vaults_little_squares_4, vaults_room_large_hall,
          layout_vaults_maze
Vaults:4: v_misc_8, nicolae_vaults_asterisk, v_misc_26, v_misc_18, v_misc_14,
          vaults_room_hangedman_quadrants, ontoclasm_vaults_eye,
          nicolae_vaults_angled_halls, hangedman_vaults_maws,
          nicolae_vaults_little_squares_4, vaults_room_corners, v_pattern_1,
          ontoclasm_vaults_fault, layout_vaults_quadrants, uniq_xtahua,
          uniq_aizul
Vaults:5: uniq_jory
Crypt:1:  layout_misc_corridors, grunt_crypt_arrival_guarded_gate,
          grunt_megastairs_4, uniq_mennas, uniq_josephina
Crypt:2:  layout_chaotic_city, gammafunk_ghost_mausoleum, uniq_grunn
Crypt:3:  church_of_pain_bobbens, layout_chaotic_city,
          nicolae_tomb_entry_grand_gallery, grunt_ministairs_8
Depths:1: layout_roguey [special_room_morgue], serial_bayou_pond_d,
          grunt_pan_entry_spiral, pf_hell_entry_great_geh,
          abyss_entry_flame_altar, guppyfry_shop_venom
Depths:2: nzn_winding_woodlands_three_and_one
          [nzn_winding_woodlands_5x15_crooked,
          nzn_winding_woodlands_5x15_river_crossing,
          nzn_winding_woodlands_5x15_parted,
          nzn_winding_woodlands_center_pierced_h], layout_gridlike,
          rand_demon_pan_entry_1, serial_bayou, serial_bayou_pond_c,
          serial_bayou_pond_b, serial_bayou_lake_a, serial_bayou_crossing,
          hell_entry, chequers_big_river, st_stairs_8
Depths:3: kennysheep_room_grid, layout_gridlike, enter_ziggurat_e,
          nicolae_qazlal_eye_of_the_storm, hell_entry,
          hangedman_abyss_entry_splay, kennysheep_generic_room_4
Depths:4: grunt_zot_entry_gee_three, layout_basic, special_room
          [special_room_jelly], minmay_misc_feat_enclosed,
          rand_demon_pan_entry_5, hell_entry, uniq_parghit
Hell
Tar:1:    layout_catacombs
Tar:2:    layout_grid_maze, nicolae_tar_honey_rotating
Tar:3:    layout_cathedral_of_symmetry, nicolae_tar_grid_combs
Tar:4:    nicolae_tar_intersect_combbox, layout_cathedral_of_symmetry
Tar:5:    layout_grid_maze, nicolae_tar_spectre_spectrum
Tar:6:    layout_cathedral_of_symmetry
Tar:7:    tar_grunt_cathedral
Zot:1:    layout_onion_interference
Zot:2:    layout_misc_corridors, st_small_dragon_hoard_2
Zot:3:    layout_basic, kennysheep_underground_church
Zot:4:    gammafunk_its_a_trap, layout_cellular_growth, st_large_dragon_hoard_1,
          grunt_megastairs_5, lemuel_elevator
Zot:5:    layout_twisted_circle

Skill      XL: |  1  2  3  4  5  6  7  8  9 10 11 12 13 14 15 16 17 18 19 20 21 22 23 24 25 26 27 |
---------------+----------------------------------------------------------------------------------+-----
Spellcasting   | 3 4 5 6 7 8 9 12 14 16 18 20 21 22 23 24 25 26 27 | 27.0
Dodging        | 3 4 5 6 7 9 11 12 13 14 15 17 19 20 21 22 23 24 25 27 | 27.0
Fighting       | 1 2 3 4 5 6 8 9 11 12 13 15 16 17 18 19 21 | 21.3
Summonings     | 5 6 8 9 10 13 14 16 17 18 19 20 21 22 | 22.7
Air Magic      | 1 3 6 9 10 11 12 | 12.0
Transmutations | 3 5 8 11 12 13 14 15 | 15.3
Evocations     | 4 6 7 9 |  9.0
Earth Magic    | 4 5 |  5.3
Unarmed Combat | 4 6 8 9 10 12 | 12.1
Stealth        | 5 6 |  6.9
Translocations | 2 8 |  8.0
Necromancy     | 10 12 8 | 12.4

Action                   |  1- 3 |  4- 6 |  7- 9 | 10-12 | 13-15 | 16-18 | 19-21 | 22-24 | 25-27 || total
-------------------------+-------+-------+-------+-------+-------+-------+-------+-------+-------++-------
Melee: Unarmed           |    12 |     9 |    20 |    29 |   119 |    68 |    75 |    94 |   286 ||   712
       Bite              |     1 |     1 |     4 |     5 |    23 |    16 |    16 |    25 |    50 ||   141
       Punch             |       |       |       |     2 |     1 |     2 |     1 |     9 |    34 ||    49
 Cast: Summon Small Mamm |    51 |    14 |    16 |     5 |     1 |       |       |       |       ||    87
       Call Imp          |    22 |    29 |    23 |    26 |    16 |     2 |       |       |       ||   118
       Call Canine Famil |     4 |    21 |    49 |   106 |   139 |     4 |       |       |       ||   323
       Summon Guardian G |       |     2 |    33 |    97 |    66 |       |       |       |       ||   198
       Summon Lightning  |       |       |     1 |   100 |   168 |    12 |     1 |     1 |       ||   283
       Summon Cactus Gia |       |       |       |       |   107 |    45 |       |       |       ||   152
       Monstrous Menager |       |       |       |       |   201 |   407 |    56 |     3 |     2 ||   669
       Apportation       |       |       |       |       |     2 |     2 |     8 |       |   157 ||   169
       Summon Hydra      |       |       |       |       |    86 |   390 |    48 |       |       ||   524
       Summon Forest     |       |       |       |       |     5 |    43 |     1 |     6 |     5 ||    60
       Statue Form       |       |       |       |       |       |    41 |    76 |    71 |    75 ||   263
       Blink             |       |       |       |       |       |     2 |       |       |     8 ||    10
       Passwall          |       |       |       |       |       |     1 |       |       |     1 ||     2
       Dragon's Call     |       |       |       |       |       |     1 |    51 |    63 |    71 ||   186
       Summon Horrible T |       |       |       |       |       |       |    88 |    82 |    86 ||   256
       Storm Form        |       |       |       |       |       |       |       |     1 |     2 ||     3
       Wereblood         |       |       |       |       |       |       |       |     1 |       ||     1
       Necromutation     |       |       |       |       |       |       |       |       |     3 ||     3
       Manifold Assault  |       |       |       |       |       |       |       |       |    21 ||    21
Invok: Potion Petition   |       |       |       |     4 |     1 |     7 |     3 |     9 |    11 ||    35
       Call Merchant     |       |       |       |       |     5 |     1 |       |     2 |     3 ||    11
 Abil: End Transformatio |       |       |       |       |       |       |       |       |     1 ||     1
Evoke: Wand              |       |       |       |     6 |       |       |       |       |     1 ||     7
       Condenser vane    |       |       |       |     1 |     3 |     6 |     1 |     5 |     4 ||    20
       Box of beasts     |       |       |       |       |       |     1 |       |     1 |     2 ||     4
       Phial of floods   |       |       |       |       |       |     1 |       |       |     1 ||     2
       Tin of tremorston |       |       |       |       |       |     1 |       |       |       ||     1
       Phantom mirror    |       |       |       |       |       |       |       |     1 |     3 ||     4
  Use: Potion            |       |     2 |       |     9 |     4 |    10 |       |     5 |     7 ||    37
       Scroll            |       |       |       |    12 |    24 |    24 |     6 |     4 |     4 ||    74
 Stab: Distracted        |     1 |       |     2 |       |     6 |     2 |     4 |     7 |    16 ||    38
       Sleeping          |     1 |       |     4 |       |     2 |       |       |       |     3 ||    10
       Confused          |       |       |       |       |       |     1 |       |       |       ||     1
Armor: Skin              |     1 |     3 |     1 |    10 |     8 |    72 |    99 |   112 |   234 ||   540
Dodge: Dodged            |    30 |    52 |    68 |   207 |   561 |  1097 |   557 |   654 |   943 ||  4169
Block: Other             |       |       |       |       |     1 |       |       |    54 |    92 ||   147
       Reflection        |       |       |       |       |     1 |       |       |       |       ||     1
